Map: Automaton LE

Players

jheffe

  • Race: Terran Terran
  • League: Master
  • Spawn Location: 9:00

MCanning - Winner!

  • Race: Protoss Protoss
  • League: Grandmaster
  • Spawn Location: 3:00

Event: Cheeseadelphia 8

VOD

Have the link to the VOD?

Description

Time

  • Played on: Dec. 9, 2018, 12:39 p.m.
  • Length: 14:36

All games in this series

Show
View Real Time Build Order
Export as new Build Order

jheffe Terran 

Build Orders: Gas First Reaper Expand 

Get SALT Encoding   

  12  0:00  SCV  
  13  0:12  SCV  
  14  0:18  Supply Depot  
  14  0:25  SCV  
  15  0:29  Refinery  
  15  0:39  SCV  
  16  0:45  Barracks  
  16  0:51  SCV  
  17  1:03  SCV  
  18  1:16  SCV  
  19  1:35  Reaper, Orbital Command  
  20  1:46  Command Center  
  20  1:56  Factory  
  20  2:00  SCV  
  21  2:07  Barracks Reactor  
  21  2:13  SCV  
  21  2:14  Refinery  
  22  2:25  SCV  
  22  2:26  Supply Depot  
  23  2:47  Marine x2, Starport  
  23  2:48  SCV, Widow Mine  
  28  3:00  SCV, Orbital Command  
  29  3:05  Marine x2  
  31  3:14  SCV, Widow Mine  
  34  3:24  Marine x2  
  34  3:26  SCV  
  36  3:28  Medivac  
  36  3:30  SCV  
  39  3:39  SCV  
  39  3:40  Factory Tech Lab  
  40  3:41  Barracks  
  40  3:42  SCV  
  40  3:44  Marine  
  44  3:58  Barracks, Supply Depot  
  42  4:04  Starport Tech Lab, Siege Tank  
  42  4:05  SCV  
  46  4:11  Marine x2  
  46  4:12  SCV  
  49  4:17  SCV  
  49  4:24  SCV  
  51  4:25  Engineering Bay  
  51  4:29  SCV  
  52  4:31  Starport Reactor  
  52  4:36  SCV  
  52  4:41  SCV  
  52  4:42  Marine  
  52  4:43  Marine  
  54  4:47  Supply Depot  
  49  4:53  Factory Reactor, SCV  
  49  4:54  Marine x2, Combat Shield  
  49  4:55  Stimpack  
  49  4:56  SCV  
  49  4:59  Terran Infantry Weapons Level 1  
  51  5:02  Marine  
  51  5:04  Marine  
  51  5:05  SCV  
  54  5:09  SCV  
  54  5:10  Supply Depot  
  55  5:15  Marine  
  55  5:16  Refinery, Marine  
  55  5:17  SCV  
  55  5:20  Medivac  
  60  5:27  SCV  
  61  5:29  SCV  
  62  5:36  Marine x2  
  62  5:37  Widow Mine x2  
  62  5:41  Supply Depot  
  71  5:43  Marauder x2  
  72  5:55  Marine  
  72  5:56  Medivac, Marine  
  76  6:02  Widow Mine  
  76  6:03  Widow Mine  
  80  6:05  SCV  
  80  6:06  Marauder  
  80  6:08  Marauder  
  80  6:09  Command Center  
  80  6:11  SCV  
  86  6:23  Medivac, Supply Depot, Marine, SCV  
  90  6:28  Marauder  
  90  6:30  Marine, SCV  
  94  6:34  Refinery  
  94  6:41  Supply Depot x2  
  94  6:45  SCV, Marauder  
  97  6:59  Marine, Marauder  
  102  7:01  Widow Mine  
  102  7:02  Barracks, Widow Mine  
  102  7:03  Barracks  
  102  7:06  Marauder  
  105  7:10  Terran Infantry Armor Level 1, SCV  
  105  7:12  Supply Depot  
  103  7:22  Marine  
  104  7:23  Marauder  
  104  7:25  Medivac  
  104  7:28  Marauder  
  101  7:39  Marine  
  101  7:42  SCV  
  101  7:43  SCV, Orbital Command  
  102  7:46  Starport  
  102  7:50  Liberator x2  
  102  7:51  Barracks Tech Lab, Barracks Reactor  
  102  7:52  Marauder  
  102  7:53  Marauder  
  102  7:55  SCV x2, Concussive Shells  
  106  8:07  Marine x2, SCV  
  112  8:14  Marauder  
  112  8:21  Marauder x2  
  112  8:23  SCV  
  112  8:24  Refinery, SCV  
  114  8:32  Marine x2  
  114  8:33  Liberator x2  
  115  8:35  Marauder  
  117  8:42  Marauder  
  117  8:43  Marauder  
  101  8:48  Marine x2  
  101  8:50  Marine x2  
  101  8:51  SCV x2  
  107  8:56  Marauder  
  107  8:57  SCV  
  107  9:01  Armory  
  110  9:03  Engineering Bay, SCV x2  
  110  9:04  Marauder x2  
  110  9:08  Medivac  
  110  9:09  SCV  
  119  9:10  Marine  
  119  9:11  Marine x3  
  119  9:14  Refinery  
  119  9:15  SCV x2  
  119  9:16  Medivac  
  127  9:18  Marauder  
  127  9:21  SCV  
  127  9:22  Missile Turret  
  130  9:27  Marauder x2, SCV  
  130  9:28  SCV  
  133  9:33  SCV  
  133  9:35  Liberator  
  126  9:40  Liberator  
  126  9:41  Marine x2  
  126  9:42  Marauder  
  130  9:46  SCV  
  130  9:48  Marine x2, Marauder  
  130  9:49  Marauder  
  140  9:59  Missile Turret  
  139  10:03  Marauder  
  129  10:13  Marine, SCV x2  
  129  10:14  Marine x4  
  123  10:15  SCV  
  123  10:17  Terran Infantry Weapons Level 2, Terran Infantry Armor Level 2  
  119  10:22  Liberator  
  119  10:25  SCV x2  
  119  10:27  SCV  
  121  10:37  SCV  
  121  10:38  SCV  
  121  10:39  SCV  
  127  10:45  Marauder  
  127  10:47  Missile Turret  
  130  10:50  SCV x2  
  130  10:56  Liberator x2, Marine x3  
  136  10:57  Marauder  
  136  10:58  SCV  
  136  11:02  SCV  
  138  11:04  Terran Ship Weapons Level 1  
  138  11:06  SCV  
  138  11:08  Liberator  
  128  11:50  Marine x2  
  128  11:51  Marauder x2  
  124  11:56  Marine  
  124  11:57  Marine, Marauder  
  115  12:08  Marine x2  
  112  12:12  Marauder x2  
  112  12:14  Marine x2  
  112  12:15  Medivac x4  
  109  12:18  Marauder  
  105  12:26  Marine x2  
  107  12:32  Marine x2  
  107  12:33  Marauder  
  107  12:34  Liberator x2, Marauder  
  110  12:40  Marauder  
  110  12:44  Marine x2  
  113  12:48  Liberator  
  113  12:50  Marine  
  115  12:54  SCV x2  
  115  12:55  Marauder x2  
  127  13:01  Marauder  
  127  13:03  Marine  
  136  13:07  Command Center  
  136  13:08  Supply Depot x2  
  130  13:13  Liberator  
  130  13:17  Liberator  
  110  13:32  Marine x4  
  110  13:33  Marine, Marauder x2  
  101  13:50  Marine x2  
  101  13:51  Marauder  
  101  13:54  Marauder x2  
  97  13:57  Marine  
  87  14:12  Marauder  
Show
View Real Time Build Order
Export as new Build Order

MCanning Protoss - Winner!

Build Orders: 1 Gate Expand, Colossus Rush 

Get SALT Encoding   

  12  0:00  Probe  
  13  0:12  Probe  
  14  0:18  Pylon  
  14  0:25  Probe  
  15  0:34  Probe  
  15  0:38  Gateway  
  15  0:42  Probe  
  16  0:47  Assimilator  
  17  0:51  Probe  
  18  1:03  Probe  
  19  1:15  Probe  
  20  1:26  Nexus  
  20  1:37  Cybernetics Core  
  20  1:38  Probe  
  21  1:45  Assimilator  
  21  1:54  Probe  
  21  1:59  Pylon  
  22  2:06  Probe  
  23  2:08  Adept  
  23  2:14  Warp Gate  
  23  2:18  Probe  
  26  2:30  Probe  
  26  2:35  Stalker  
  26  2:37  Robotics Facility  
  27  2:42  Probe  
  27  2:45  Probe  
  30  2:53  Probe  
  30  2:54  Probe  
  32  3:03  Probe  
  32  3:07  Probe  
  34  3:15  Probe  
  34  3:18  Observer  
  34  3:19  Probe  
  37  3:28  Probe  
  37  3:30  Gateway  
  37  3:31  Probe  
  37  3:32  Gateway  
  41  3:34  Sentry  
  41  3:38  Pylon  
  41  3:39  Observer  
  41  3:40  Probe  
  42  3:43  Probe  
  44  3:52  Probe  
  44  3:54  Observer  
  44  3:55  Probe  
  44  3:58  Assimilator  
  45  4:02  Assimilator  
  45  4:04  Probe  
  45  4:06  Robotics Bay  
  45  4:07  Probe  
  47  4:12  Shield Battery  
  47  4:16  Probe  
  48  4:19  Probe  
  48  4:20  Stalker  
  51  4:27  Forge  
  51  4:28  Probe  
  51  4:29  Stalker  
  54  4:37  Probe  
  53  4:40  Probe  
  53  4:42  Stalker  
  53  4:45  Stalker  
  52  4:49  Probe  
  52  4:52  Probe  
  51  5:01  Probe  
  51  5:04  Probe, Protoss Ground Weapons Level 1  
  51  5:06  Pylon  
  53  5:10  Pylon  
  53  5:13  Probe  
  54  5:15  Pylon  
  54  5:18  Extended Thermal Lance  
  54  5:19  Twilight Council  
  54  5:22  Colossus  
  54  5:27  Sentry  
  56  5:37  Gateway  
  61  5:46  Gateway  
  61  5:48  Zealot  
  63  5:50  Sentry  
  63  5:53  Zealot  
  67  6:00  Colossus  
  67  6:07  Nexus  
  73  6:23  Blink  
  73  6:27  Pylon  
  73  6:31  Pylon  
  73  6:32  Probe  
  74  6:36  Probe  
  75  6:40  Stalker, Shield Battery  
  77  6:49  Sentry  
  77  6:50  Stalker  
  77  6:51  Stalker  
  83  6:57  Probe  
  83  6:58  Probe  
  85  7:09  Pylon x2  
  83  7:16  Colossus  
  83  7:20  Adept  
  91  7:31  Protoss Ground Armor Level 1  
  91  7:36  Nexus, Probe  
  91  7:37  Pylon  
  92  7:39  Adept x4  
  100  7:49  Dark Shrine  
  100  7:54  Probe  
  99  8:11  Stalker  
  99  8:12  Stalker x2  
  106  8:14  Adept, Stalker  
  107  8:20  Probe  
  107  8:25  Probe  
  108  8:32  Probe  
  93  8:37  Stalker x3  
  93  8:38  Stalker x2, Probe  
  96  8:51  Probe  
  96  8:52  Probe  
  98  8:59  Robotics Facility  
  98  9:03  Probe x2  
  98  9:06  Dark Templar  
  98  9:07  Dark Templar  
  102  9:11  Resonating Glaives  
  102  9:13  Adept  
  102  9:14  Adept x2  
  102  9:16  Probe  
  109  9:19  Probe  
  104  9:38  Stalker x3  
  100  9:39  Disruptor  
  100  9:40  Assimilator  
  100  9:44  Stalker x2  
  106  9:46  Probe  
  106  9:47  Assimilator  
  106  9:51  Probe  
  111  9:54  Probe  
  112  10:06  Stalker x3  
  108  10:10  Disruptor  
  86  10:14  Probe  
  86  10:16  Adept x2  
  94  10:21  Shield Battery  
  94  10:23  Shield Battery  
  94  10:27  Shield Battery  
  92  10:28  Pylon  
  92  10:35  Robotics Facility  
  92  10:39  Adept  
  92  10:40  Sentry  
  92  10:41  Adept x2, Disruptor  
  98  10:56  Pylon  
  101  10:58  Zealot  
  101  10:59  Pylon  
  101  11:02  Stalker x3  
  109  11:12  Disruptor  
  109  11:13  Adept  
  112  11:23  Stalker  
  112  11:25  Disruptor  
  112  11:27  Stalker  
  117  11:34  Adept x3  
  115  11:48  Disruptor  
  115  11:49  Adept  
  115  11:51  Adept  
  111  11:57  Stalker  
  111  12:01  Disruptor  
  111  12:02  Adept x2  
  110  12:09  Adept  
  110  12:15  Stalker  
  106  12:21  Stalker  
  106  12:26  Disruptor  
  106  12:28  Stalker  
  106  12:29  Probe  
  109  12:34  Probe  
  109  12:43  Dark Templar x2  
  113  12:47  Stalker  
  113  12:49  Stalker  
  117  12:53  Probe  
  117  12:54  Probe  
  117  12:57  Adept  
  111  13:19  Stalker x3  
  112  13:23  Disruptor  
  113  13:27  Probe  
  112  13:45  Disruptor  
  112  13:47  Stalker x4  
  109  13:59  Disruptor  
  110  14:08  Stalker  
  110  14:13  Stalker  
Tags
 
Add a new tag
Caveats
  • Supply blocks, unpowered buildings, or Contaminate may cause inaccurate times.
  • Supply counts are checked every 10 seconds.